 Dungeon Crawl Stone Soup version 0.27-a0-1565-gad902ab807 (webtiles) character file.

Game seed: 11629357886459062878

736 Demosthentine the Poker (level 7, -9/56 HPs)
             Began as a Merfolk Gladiator on July 17, 2021.
             Mangled by a two-headed ogre (30 damage)
             ... on level 4 of the Dungeon.
             The game lasted 00:04:02 (4075 turns).

Demosthentine the Poker (Merfolk Gladiator)         Turns: 4075, Time: 00:04:02

Health: -9/56      AC:  4    Str: 20    XL:     7   Next: 74%
Magic:  0/7        EV: 15    Int: 16    God:
Gold:   138        SH:  0    Dex: 15    Spells: 6/6 levels left

rFire    . . .     SeeInvis .   a - +1 trident
rCold    . . .     Faith    .   (no shield)
rNeg     . . .     Spirit   +   b - +0 leather armour
rPois    .         Reflect  .   c - +0 helmet
rElec    .         Harm     .   (no cloak)
rCorr    .         Rampage  .   (no gloves)
Will     .....                  (no boots)
Stlth    +.........             g - amulet of guardian spirit
HPRegen  0.18/turn              d - +6 ring of intelligence
MPRegen  0.10/turn              k - +6 ring of strength

@: studying Armour
A: (nimble swimmer 2), mertail, clever 1, weak 1
a: no special abilities


You were on level 4 of the Dungeon.
You visited 1 branch of the dungeon, and saw 4 of its levels.

You collected 1098 gold pieces.
You spent 960 gold pieces at shops.

Inventory:

Hand Weapons
 a - a +1 trident (weapon)
Armour
 b - a +0 leather armour (worn)
 c - a +0 helmet (worn)
Jewellery
 d - a +6 ring of intelligence (left hand)
 g - an amulet of guardian spirit (around neck)
 k - a +6 ring of strength (right hand)
Wands
 j - a wand of acid (8)
Scrolls
 f - a scroll of teleportation
Potions
 e - a potion of experience {unknown}
 h - a potion of mutation
 i - a potion of lignification


   Skills:
 + Level 5.0 Fighting
 + Level 7.4 Polearms
 - Level 2.0 Throwing
 + Level 4.0 Armour
 + Level 6.7 Dodging


You had 6 spell levels left.
You didn't know any spells.
Your spell library was empty.

Dungeon Overview and Level Annotations

Branches:
Dungeon (4/15)
 Temple: D:4-7

Altars:
Wu Jian

Shops:
D:1 :

Annotations:
D:3 2 transporters, indyram44's ghost, amateur TrMo


Innate Abilities, Weirdness & Mutations

((You are quick and stealthy near water. (Stealth+, EV+, Speed+++)))
Your lower body shifts to a powerful aquatic tail in water.
Your mind is acute. (Int +2)
You are weak. (Str -2)


Message History

Aim: a two-headed ogre, wielding a +0 giant club and a +0 giant spiked club (76% to hit)
You throw a throwing net.
The throwing net hits the two-headed ogre.
The two-headed ogre is caught in the net!
The two-headed ogre struggles against the net.
You hit the two-headed ogre but do no damage.
The two-headed ogre struggles against the net.
You hit the two-headed ogre.
The two-headed ogre is lightly wounded.
The two-headed ogre struggles against the net.
You puncture the two-headed ogre!
The two-headed ogre is moderately wounded.
The two-headed ogre struggles against the net.
You hit the two-headed ogre but do no damage.
The two-headed ogre is moderately wounded.
You hear the rapid hiss of a very distant avalanche of sand.
The two-headed ogre struggles against the net.
The net rips apart, and the two-headed ogre comes free!
You hit the two-headed ogre.
The two-headed ogre is moderately wounded.
The two-headed ogre completely misses you.
The two-headed ogre closely misses you.
You hit the two-headed ogre but do no damage.
The two-headed ogre is moderately wounded.
You barely miss the two-headed ogre.
The two-headed ogre is moderately wounded.
The two-headed ogre hits you with a +0 giant club!
The two-headed ogre closely misses you.
You hit the two-headed ogre but do no damage.
The two-headed ogre is moderately wounded.
The two-headed ogre hits you with a +0 giant club.
The two-headed ogre hits you with a +0 giant spiked club!!
You hit the two-headed ogre but do no damage.
The two-headed ogre is moderately wounded.
Unknown command.
It was a potion of mutation.
You feel extremely strange.
You feel weaker.
You feel clever.
The two-headed ogre hits you with a +0 giant club!!
Ouch! That really hurt!
You die...

####
...#####################
...............>........
##.###.....##...@......#
#)###.....++...O.......
#)[##...(.##...........
##.##.....+.....######.
#..#.....###.#.#
##.###'#.# #<#.# #.#
#.#.###.#.# #.#
#.#.....#.# #.#
#.#####.#.#


You could see a two-headed ogre.

Vanquished Creatures
  Grinder (D:3)
  Sigmund (D:3)
  A hornet zombie (D:4)
  An orc priest (D:4)
  Natasha (thrice) (D:2)
  An orc wizard (D:4)
  A howler monkey zombie (D:4)
  3 gnolls (D:4)
  5 adders
  2 dart slugs
  7 orcs
  8 bats
  4 endoplasms
  2 giant cockroaches
  7 hobgoblins
  5 jackals
  A quokka (D:2)
  4 ball pythons
  4 frilled lizards
  5 goblins
  2 kobolds
  5 rats
73 creatures vanquished.

Vanquished Creatures (others)
  9 plants (D:4)
9 creatures vanquished.

Grand Total: 82 creatures vanquished

Notes
Turn   | Place    | Note
-------+----------+-------------------------------------------
     0 | D:1      | Demosthentine the Merfolk Gladiator began the quest for the
                  | Orb.
     0 | D:1      | Reached XP level 1. HP: 16/16 MP: 1/1
   188 | D:1      | Reached XP level 2. HP: 23/23 MP: 2/2
   239 | D:1      | Found Imuis's Book Boutique.
   548 | D:1      | Found a faded altar of an unknown god.
   761 | D:1      | Reached XP level 3. HP: 28/28 MP: 3/3
   945 | D:2      | Reached skill level 5 in Polearms
  1013 | D:2      | Reached skill level 1 in Armour
  1211 | D:2      | Reached XP level 4. HP: 28/35 MP: 4/4
  1602 | D:2      | Identified a scroll of acquirement
  1602 | D:2      | Acquired 979 gold pieces
  1681 | D:1      | Bought a manual of Armour for 960 gold pieces
  1926 | D:3      | Noticed Sigmund
  1929 | D:3      | Noticed Natasha
  1974 | D:3      | Killed Sigmund
  1975 | D:3      | Reached skill level 6 in Polearms
  1975 | D:3      | Reached skill level 5 in Dodging
  1975 | D:3      | Reached XP level 5. HP: 11/42 MP: 1/5
  1975 | D:3      | Reached XP level 6. HP: 12/48 MP: 1/6
  1983 | D:2      | Killed Natasha
  2015 | D:2      | Noticed Natasha
  2200 | D:2      | Killed Natasha
  2283 | D:2      | Noticed Natasha
  2290 | D:2      | Killed Natasha
  2505 | D:3      | Noticed Grinder
  2518 | D:3      | Paralysed by Grinder for 4 turns
  2530 | D:3      | Killed Grinder
  2531 | D:3      | Reached XP level 7. HP: 28/55 MP: 3/7
  2788 | D:3      | Found an ornate altar of the Wu Jian Council.
  2840 | D:3      | Found a transporter.
  2842 | D:3      | Found a transporter.
  2842 | D:3      | Noticed indyram44's ghost (amateur TrMo)
  3475 | D:4      | Reached skill level 7 in Polearms
  3873 | D:4      | Reached skill level 5 in Fighting
  4060 | D:4      | Noticed a two-headed ogre
  4075 | D:4      | Gained mutation: You are weak. (Str -2) [potion of
                  | mutation]
  4075 | D:4      | Gained mutation: Your mind is acute. (Int +2) [potion of
                  | mutation]
  4075 | D:4      | Mangled by a two-headed ogre

Illustrated notes

Levels and vault maps discovered:
D:1:      grunt_arrival_crossed_arrows, layout_loops_ring,
          basic_ecumenical_altar, serial_shops, nicolae_shop_waterfront
D:2:      layout_loops_ring, minmay_heptomino_d4
D:3:      layout_loops_ring, nzn_wu_jian_contemplation, gammafunk_ghost_smash,
          uniq_natasha, uniq_grinder, uniq_sigmund
D:4:      layout_basic, nicolae_hepliaklqana_hazy_memory,
          lightli_ossuary_entry_decrepit_ruins, patterned_corridor, uniq_pikel

Skill      XL: |  1  2  3  4  5  6  7 |
---------------+----------------------+-----
Polearms       | 5 6 7 |  7.4
Armour         | 1 2 3 4 |  4.0
Fighting       | 3 4 5 |  5.0
Dodging        | 5 6 |  6.7
Throwing       | |  2.0

Action                   |  1- 3 |  4- 6 |  7- 9 || total
-------------------------+-------+-------+-------++-------
Melee: Trident           |   110 |    84 |   101 ||   295
       Tailslap          |     1 |       |       ||     1
Throw: Throwing net      |       |     4 |     1 ||     5
  Use: Scroll            |     4 |     2 |     5 ||    11
       Potion            |       |     2 |     4 ||     6
 Stab: Held in net/web   |       |     1 |       ||     1
       Sleeping          |       |       |     1 ||     1
Armor: Leather armour    |    29 |     9 |    13 ||    51
Dodge: Dodged            |    66 |    39 |    52 ||   157

Table legend: (Time is in decaauts)
 A = Elapsed time spent in this place.
 B = Non-inter-level travel time spent in this place.
 C = Inter-level travel time spent in this place.
 D = Time resting spent in this place.
 E = Time spent auto-exploring this place.
 F = Levels seen in this place.
 G = Mean time per level.
                   A        B        C        D        E       F      G
               +--------+--------+--------+--------+--------+-----+--------+
         Total |   4073 |   3882 |    191 |    618 |   2465 |   4 | 1018.2 |
       Dungeon |   4073 |   3882 |    191 |    618 |   2465 |   4 | 1018.2 |
               +--------+--------+--------+--------+--------+-----+--------+

Top non-repeatable levels by time:
     D:3: 1499 daAuts
     D:2: 1088 daAuts
     D:1: 871 daAuts
     D:4: 614 daAuts
